 Dungeon Crawl Stone Soup version 0.31.0-1-g2c135a0 (webtiles) character file.

Game seed: 18081342525270003955

7 Think the Ducker (level 2, 0/21 HPs)
             Began as an Octopode Fighter on Feb 26, 2024.
             Frozen to death by an endoplasm (3 damage)
             ... on level 1 of the Dungeon.
             The game lasted 00:00:35 (97 turns).

Think the Ducker (Octopode Fighter)                   Turns: 97, Time: 00:00:35

Health: 0/21       AC:  1    Str: 15    XL:     2   Next: 4%
Magic:  2/2        EV: 13    Int: 10    God:
Gold:   0          SH:  4    Dex: 11    Spells: 1/1 levels left

rFire   . . .        a - +0 long sword
rCold   . . .        b - +0 buckler
rNeg    . . .        (helmet restricted)
rPois   .            (no amulet)
rElec   .            (no ring)
rCorr   .            (no ring)
SInv    .            (no ring)
Will    .....        (no ring)
Stlth   ++           (no ring)
HPRegen 0.23/turn    (no ring)
MPRegen 0.08/turn    (no ring)
                     (no ring)

%: no passive effects
@: no status effects
A: almost no armour, amphibious, 8 rings, camouflage 1, gelatinous body 1,
(nimble swimmer 1), tentacles
a: no special abilities


You were on level 1 of the Dungeon.
You visited 1 branch of the dungeon, and saw 1 of its levels.

Inventory:

Hand Weapons
 a - a +0 long sword (weapon)
Armour
 b - a +0 buckler (worn)
Scrolls
 d - a scroll of torment {unknown}
Potions
 c - a potion of might


   Skills:
 - Level 3.0 Fighting
 - Level 2.0 Long Blades
 * Level 3.4 Dodging
 + Level 1.1 Stealth
 - Level 3.0 Shields


You had one spell level left.
You didn't know any spells.
Your spell library was empty.

Dungeon Overview and Level Annotations

Branches:
Dungeon (1/15)

Altars:


Innate Abilities, Weirdness & Mutations

You cannot wear most types of armour.
You are amphibious.
You can wear up to eight rings at the same time.
Your skin changes colour to match your surroundings (Stealth+).
Your rubbery body absorbs attacks. (AC +1, EV +1)
((You are camouflaged when in or above water. (Stealth+)))
You have tentacles for arms and can constrict up to eight enemies at once.


Message History

You are too injured to fight recklessly!
You slash the endoplasm!
You kill the endoplasm!
A dart slug comes into view.
The helpless bat fails to defend itself.
You hit the bat.
You kill the bat!
Found a stone staircase leading down.
An endoplasm comes into view.
You hit the dart slug. You grab the dart slug. You squeeze the dart slug!
You kill the dart slug!
An endoplasm comes into view.
An endoplasm comes into view.
The endoplasm quivers.
The helpless endoplasm fails to defend itself.
You hit the endoplasm.
The endoplasm is lightly wounded.
The endoplasm freezes you.
You are frozen.
The endoplasm freezes you.
You are frozen.
You are too injured to fight recklessly!
You are too injured to fight recklessly!
You are too injured to fight recklessly!
You slash the endoplasm!
You kill the endoplasm!
The endoplasm jiggles.
Your Stealth skill increases to level 1!
You have reached level 2!
The endoplasm freezes you.
You are frozen.
* * * LOW HITPOINT WARNING * * *
The endoplasm freezes you.
You are frozen.
* * * LOW HITPOINT WARNING * * *
You hit the endoplasm.
The endoplasm is severely wounded.
The endoplasm freezes you.
You are frozen.
You die...

.# ####..... ....... ..
. ..#.# ## #######
..##.#.###### #..
....#......# ###.#
..........# #...#
########.......# #.###
#..............#####.#
#..............?.....###
#......@................
#.....JJ........#.######
#...........#+#.#.#
#...........# ..#.#
#...........##.>#.#
#...........###.#.#
###+######### #.#.#
#.#..


You could see 2 endoplasms.

Vanquished Creatures
  A dart slug (D:1)
  2 bats (D:1)
  2 endoplasms (D:1)
5 creatures vanquished.

Notes
Turn   | Place    | Note
-------+----------+-------------------------------------------
     0 | D:1      | Think the Octopode Fighter began the quest for the Orb.
     0 | D:1      | Reached XP level 1. HP: 16/16 MP: 1/1
    96 | D:1      | Reached skill level 1 in Stealth
    96 | D:1      | Reached XP level 2. HP: 8/21 MP: 2/2
    97 | D:1      | Frozen to death by an endoplasm

Illustrated notes

Levels and vault maps discovered:
D:1:      lightli_iron_boxes, layout_basic

Skill      XL: |  1 |
---------------+----+-----
Stealth        | 1 |  1.1
Fighting       | |  3.0
Long Blades    | |  2.0
Dodging        | |  3.4
Shields        | |  3.0

Action                     || total
---------------------------++-------
  Melee: Long sword        ||     8
         Constrict         ||     1
         Tentacles         ||     1
   Stab: Sleeping          ||     2
  Dodge: Dodged            ||     1
  Block: Buckler           ||     1
